[Event "Baltic Zonal III Stage 2018"]
[Site "Liepaja"]
[Date "2018.07.09"]
[Round "1"]
[White "Kulaots, Kaido"]
[Black "Berzinsh, Roland"]
[Result "1-0"]
[ECO "C55"]
[WhiteElo "2555"]
[BlackElo "2410"]
[Annotator "ChessBase"]
[PlyCount "69"]
[EventDate "2018.07.09"]
[EventType "swiss"]
[EventCountry "LAT"]
[SourceTitle "playchess.com"]
[Source "ChessBase"]
[SourceQuality "1"]
[TimeControl "5400+30"]

1. e4 e5 2. Nf3 Nc6 3. Bc4 Nf6 4. d3 Be7 5. O-O O-O 6. Re1 d6 7. a4 Na5 8. Ba2 c5 9. c3 Nc6 10. Na3 Be6 11. Bxe6 fxe6 12. Bd2 a6 13. b4 cxb4 14. cxb4 Qd7 15. Nc4 Rae8 16. b5 axb5 17. axb5 Nd8 18. Qb3 Nf7 19. h3 Bd8 20. b6 Be7 21. Ra7 Rc8 22. Na5 Nd8 23. Be3 h6 24. Ra1 Nc6 25. Nxb7 Nxa7 26. Rxa7 d5 27. Nc5 Qd6 28. b7 Rc6 29. Nxe6 Rb8 30. Ra8 Kh7 31. Rxb8 Qxb8 32. Ba7 Rc1+ 33. Kh2 Qxa7 34. b8=Q Qxf2 35. Qxe5 1-0

[Event "Baltic Zonal III Stage 2018"]
[Site "Liepaja"]
[Date "2018.07.09"]
[Round "1"]
[White "Kveinys, Aloyzas"]
[Black "Klabis, Rokas"]
[Result "1/2-1/2"]
[ECO "E47"]
[WhiteElo "2537"]
[BlackElo "2347"]
[Annotator "ChessBase"]
[PlyCount "76"]
[EventDate "2018.07.09"]
[EventType "swiss"]
[EventCountry "LAT"]
[SourceTitle "playchess.com"]
[Source "ChessBase"]
[SourceQuality "1"]
[TimeControl "5400+30"]

1. d4 Nf6 2. c4 e6 3. Nc3 Bb4 4. e3 O-O 5. Bd3 Re8 6. Qc2 Nc6 7. Bd2 e5 8. d5 Nb8 9. Nge2 a5 10. a3 Bf8 11. e4 Na6 12. Rb1 Nc5 13. b4 Nxd3+ 14. Qxd3 b6 15. h4 axb4 16. axb4 d6 17. f3 Be7 18. g4 Nd7 19. g5 Nf8 20. Kf2 Bd7 21. Be3 f6 22. Rbg1 fxg5 23. hxg5 Ng6 24. Rg2 Rf8 25. Qd1 Rf7 26. Qg1 Nf8 27. Qh2 g6 28. b5 Bc8 29. Qg3 Nd7 30. Rgg1 Nc5 31. Bxc5 bxc5 32. Ke3 Bd7 33. Kd3 Ra3 34. Kc2 Qa8 35. Rb1 Qf8 36. Rbf1 Qa8 37. Rb1 Qf8 38. Rbf1 Qa8 1/2-1/2

[Event "Baltic Zonal III Stage 2018"]
[Site "Liepaja"]
[Date "2018.07.09"]
[Round "1"]
[White "Sulskis, Sarunas"]
[Black "Rogule, Laura"]
[Result "1-0"]
[ECO "A06"]
[WhiteElo "2507"]
[BlackElo "2320"]
[Annotator "ChessBase"]
[PlyCount "107"]
[EventDate "2018.07.09"]
[EventType "swiss"]
[EventCountry "LAT"]
[SourceTitle "playchess.com"]
[Source "ChessBase"]
[SourceQuality "1"]
[TimeControl "5400+30"]

1. Nf3 d5 2. c4 e6 3. e3 Nf6 4. b3 c5 5. cxd5 exd5 6. d4 Nc6 7. Be2 Bg4 8. dxc5 Bxc5 9. Bb2 O-O 10. O-O Rc8 11. Nc3 a6 12. Rc1 Ba7 13. Nd4 Bd7 14. Nxc6 Bxc6 15. Nb1 Re8 16. Bd4 Bb8 17. Nd2 Qd6 18. f4 Qe6 19. a4 Bd6 20. Bd3 Bd7 21. Nf3 Ne4 22. Ne5 Rxc1 23. Qxc1 Rc8 24. Qd1 Bxe5 25. Bxe5 Nc5 26. Bc2 f6 27. Bd4 Be8 28. Bxc5 Rxc5 29. Qd3 g6 30. b4 Rc7 31. Bb3 Bf7 32. Rd1 Qb6 33. Qd4 Qxd4 34. Rxd4 Rc3 35. Bxd5 Bxd5 36. Rxd5 Rxe3 37. Rd6 Kf7 38. Rb6 Re7 39. g4 f5 40. gxf5 gxf5 41. Kf2 Ke8 42. Kg3 Rg7+ 43. Kh4 Rg4+ 44. Kh5 Rxf4 45. a5 Rf1 46. Rxb7 f4 47. Kg4 h5+ 48. Kxh5 Rg1 49. b5 axb5 50. a6 Rg2 51. a7 Rxh2+ 52. Kg4 Ra2 53. Kxf4 Kd8 54. Ke4 1-0

[Event "Baltic Zonal III Stage 2018"]
[Site "Liepaja"]
[Date "2018.07.09"]
[Round "1"]
[White "Laurusas, Tomas"]
[Black "Brazdzionis, Andrius"]
[Result "1/2-1/2"]
[ECO "D38"]
[WhiteElo "2465"]
[BlackElo "2252"]
[Annotator "ChessBase"]
[PlyCount "82"]
[EventDate "2018.07.09"]
[EventType "swiss"]
[EventCountry "LAT"]
[SourceTitle "playchess.com"]
[Source "ChessBase"]
[SourceQuality "1"]
[TimeControl "5400+30"]

1. d4 Nf6 2. c4 e6 3. Nf3 d5 4. Nc3 Bb4 5. cxd5 exd5 6. Qa4+ Nc6 7. Ne5 Bd7 8. Nxd7 Qxd7 9. e3 O-O 10. Bd3 Ne5 11. Bb5 Bxc3+ 12. bxc3 c6 13. dxe5 cxb5 14. Qd4 Ne4 15. f3 Ng5 16. e4 Ne6 17. Qxd5 Qc7 18. O-O Qxc3 19. Rb1 a6 20. Bd2 Qd4+ 21. Qxd4 Nxd4 22. Kf2 Rac8 23. Rfc1 Nc6 24. f4 Rfd8 25. Ke3 Rd7 26. Ba5 Re8 27. Bb6 f6 28. exf6 gxf6 29. Re1 Ne7 30. Kf3 Rd2 31. a3 Rc8 32. Rbc1 Rxc1 33. Rxc1 Nc6 34. Rc3 Kf7 35. Be3 Rb2 36. Rd3 Ke6 37. f5+ Ke7 38. Bc5+ Ke8 39. Rd6 Rc2 40. Bd4 Nxd4+ 41. Rxd4 Ke7 1/2-1/2

[Event "Baltic Zonal III Stage 2018"]
[Site "Liepaja"]
[Date "2018.07.09"]
[Round "1"]
[White "Malisauskas, Vidmantas"]
[Black "Vicas, Marijus"]
[Result "1/2-1/2"]
[ECO "D44"]
[WhiteElo "2432"]
[BlackElo "2183"]
[Annotator "NA"]
[PlyCount "93"]
[EventDate "2018.07.09"]
[EventType "swiss"]
[EventCountry "LAT"]
[SourceTitle "playchess.com"]
[Source "ChessBase"]
[SourceQuality "1"]
[TimeControl "5400+30"]

1. Nf3 Nf6 2. c4 e6 3. Nc3 d5 4. d4 c6 5. Bg5 dxc4 6. e4 b5 7. e5 h6 8. Bh4 g5 9. Nxg5 Nd5 10. Nf3 Qa5 11. Qd2 Bb4 12. Rc1 Nd7 13. g3 N7b6 14. Bg2 Na4 15. a3 Bxc3 16. bxc3 Naxc3 17. O-O Qxa3 18. Bf6 Ne4 19. Qe2 Nexf6 20. exf6 Qd6 21. Ne5 Bd7 22. Qh5 Qf8 23. Bxd5 cxd5 24. f4 b4 25. f5 b3 26. Rce1 O-O-O 27. Nxf7 Be8 28. fxe6 Bxf7 29. exf7 Qb4 30. Re7 b2 31. Qf5+ Kb8 32. Qe5+ Ka8 33. Re8 Qb5 34. Rxd8+ Rxd8 35. Qe7 Qb8 36. Kg2 c3 37. Re1 Rc8 38. Qd7 c2 39. Re8 c1=Q 40. f8=Q b1=Q 41. Kh3 Qf1+ 42. Kh4 Qe4+ 43. Rxe4 Rxf8 44. Qc6+ Qb7 45. Re8+ Rxe8 46. Qxe8+ Qb8 47. Qc6+ 1/2-1/2

[Event "Baltic Zonal III Stage 2018"]
[Site "Liepaja"]
[Date "2018.07.09"]
[Round "1"]
[White "Bernotas, Arturs"]
[Black "Neiksans, Arturs"]
[Result "0-1"]
[ECO "B31"]
[WhiteElo "2413"]
[BlackElo "2567"]
[Annotator "ChessBase"]
[PlyCount "106"]
[EventDate "2018.07.09"]
[EventType "swiss"]
[EventCountry "LAT"]
[SourceTitle "playchess.com"]
[Source "ChessBase"]
[SourceQuality "1"]
[TimeControl "5400+30"]

1. e4 c5 2. Nf3 Nc6 3. Bb5 g6 4. c3 Nf6 5. Qe2 Bg7 6. O-O O-O 7. Rd1 e5 8. d3 d6 9. Nbd2 Nh5 10. Nf1 Nf4 11. Bxf4 exf4 12. d4 cxd4 13. cxd4 g5 14. h3 h5 15. Bxc6 bxc6 16. N3h2 Re8 17. e5 g4 18. hxg4 hxg4 19. Nxg4 dxe5 20. Nxe5 Qg5 21. Nd2 f6 22. Ne4 Qf5 23. Nd6 Qe6 24. Qh5 Rd8 25. Nef7 Rxd6 26. Nxd6 Qxd6 27. Qe8+ Qf8 28. Qxc6 Bg4 29. Re1 Rd8 30. d5 Bh5 31. f3 Qb4 32. Rad1 Qxb2 33. Qc4 Bf7 34. Qxf4 Qb6+ 35. Qe3 Bf8 36. Kh1 Qxe3 37. Rxe3 Rxd5 38. Rxd5 Bxd5 39. a3 Kf7 40. f4 a5 41. a4 Bb4 42. Kh2 Bc6 43. g4 Bxa4 44. g5 Bc6 45. gxf6 Kxf6 46. Rb3 Bd5 47. Rb1 Be4 48. Rb2 Kf5 49. Kg3 Be1+ 50. Kh2 Kxf4 51. Kg1 Ke3 52. Kf1 Bc3 53. Rb3 Bd3+ 0-1

[Event "Baltic Zonal III Stage 2018"]
[Site "Liepaja"]
[Date "2018.07.09"]
[Round "1"]
[White "Samolins, Vitalijs"]
[Black "Meskovs, Nikita"]
[Result "1-0"]
[ECO "B40"]
[WhiteElo "2400"]
[BlackElo "2540"]
[Annotator "ChessBase"]
[PlyCount "85"]
[EventDate "2018.07.09"]
[EventType "swiss"]
[EventCountry "LAT"]
[SourceTitle "playchess.com"]
[Source "ChessBase"]
[SourceQuality "1"]
[TimeControl "5400+30"]

1. e4 c5 2. Nf3 e6 3. c3 Nf6 4. e5 Nd5 5. Bc4 Nb6 6. Bb3 c4 7. Bc2 d6 8. exd6 Bxd6 9. d4 cxd3 10. Qxd3 Nc6 11. O-O Be7 12. Qe2 Qc7 13. a4 Bd7 14. Na3 a6 15. Rd1 h6 16. Nc4 Nxc4 17. Qxc4 e5 18. a5 Be6 19. Qa4 Bc5 20. Qh4 f6 21. b4 Ba7 22. Qh5+ Kf8 23. Nh4 Ne7 24. Ng6+ Nxg6 25. Qxg6 Bf7 26. Qf5 Qxc3 27. Ba3 Bd4 28. Be4 Rb8 29. b5+ Kg8 30. Bd6 Rd8 31. Rac1 Qb3 32. Bc7 Be6 33. Qf3 Rd7 34. Bxb7 Kf7 35. b6 Qb2 36. h3 f5 37. Bxa6 e4 38. Qe2 Qa3 39. b7 Ba7 40. Bc4 Rxd1+ 41. Rxd1 Qc5 42. Rd7+ Kf6 43. Qb2+ 1-0

[Event "Baltic Zonal III Stage 2018"]
[Site "Liepaja"]
[Date "2018.07.09"]
[Round "1"]
[White "Sirosh, Ilja"]
[Black "Kantans, Toms"]
[Result "0-1"]
[ECO "A80"]
[WhiteElo "2339"]
[BlackElo "2529"]
[Annotator "ChessBase"]
[PlyCount "92"]
[EventDate "2018.07.09"]
[EventType "swiss"]
[EventCountry "LAT"]
[SourceTitle "playchess.com"]
[Source "ChessBase"]
[SourceQuality "1"]
[TimeControl "5400+30"]

1. d4 f5 2. Nf3 Nf6 3. e3 e6 4. Bd3 d5 5. O-O Bd6 6. c4 c6 7. b3 Nbd7 8. cxd5 cxd5 9. Ba3 Qe7 10. Bxd6 Qxd6 11. Qc2 O-O 12. Nc3 a6 13. Rfc1 f4 14. exf4 Qxf4 15. Ne2 Qh6 16. Qc7 Ne4 17. Ng3 Ndf6 18. Bxe4 dxe4 19. Ne5 Qf4 20. Re1 b5 21. Qc1 Qxc1 22. Raxc1 Bb7 23. Rc7 Bd5 24. Rec1 a5 25. Nc6 a4 26. Ne7+ Kh8 27. Nxd5 Nxd5 28. R7c2 e3 29. fxe3 b4 30. bxa4 Rxa4 31. Rc8 Kg8 32. Rxf8+ Kxf8 33. Rc2 Nc3 34. Rb2 Ke7 35. Kf1 Kd6 36. e4 Kc6 37. Ke1 Kb5 38. Ne2 Nxe4 39. Rc2 Ra3 40. Kd1 Nc3+ 41. Nxc3+ bxc3 42. Re2 Kc4 43. Kc1 Kxd4 44. Rxe6 Rxa2 45. Rd6+ Ke5 46. Rd3 Rxg2 0-1

[Event "Baltic Zonal III Stage 2018"]
[Site "Liepaja"]
[Date "2018.07.09"]
[Round "1"]
[White "Chukavin, Kirill"]
[Black "Ladva, Ottomar"]
[Result "0-1"]
[ECO "B33"]
[WhiteElo "2303"]
[BlackElo "2498"]
[Annotator "ChessBase"]
[PlyCount "108"]
[EventDate "2018.07.09"]
[EventType "swiss"]
[EventCountry "LAT"]
[SourceTitle "playchess.com"]
[Source "ChessBase"]
[SourceQuality "1"]
[TimeControl "5400+30"]

1. e4 c5 2. Nf3 e6 3. d4 cxd4 4. Nxd4 Nf6 5. Nc3 Nc6 6. Ndb5 d6 7. Bf4 e5 8. Bg5 a6 9. Na3 b5 10. Nd5 Be7 11. Bxf6 Bxf6 12. c4 bxc4 13. Nxc4 O-O 14. Ncb6 Rb8 15. Nxc8 Qa5+ 16. Qd2 Qxd2+ 17. Kxd2 Rfxc8 18. Nxf6+ gxf6 19. b3 Nd4 20. Bd3 Rc5 21. Rhc1 Ra5 22. Kc3 f5 23. exf5 d5 24. f3 Kg7 25. Kb2 Kf6 26. Rc7 Rg8 27. a4 Rxg2+ 28. Kc3 Nb5+ 29. Bxb5 axb5 30. Kb4 Ra8 31. a5 Rf2 32. Kxb5 Rxf3 33. b4 e4 34. a6 e3 35. Kc6 e2 36. Kb7 Rf1 37. Rcc1 Rxc1 38. Rxc1 Re8 39. Re1 d4 40. b5 d3 41. a7 Re7+ 42. Kb6 Rxa7 43. Kxa7 d2 44. Rxe2 d1=Q 45. Ra2 Qd7+ 46. Ka6 Qd5 47. Rc2 Qa8+ 48. Kb6 Kxf5 49. Rc7 Ke6 50. Kc5 Qd5+ 51. Kb6 f5 52. Rxh7 f4 53. Rh6+ Kf7 54. Rh7+ Kg6 0-1

[Event "Baltic Zonal III Stage 2018"]
[Site "Liepaja"]
[Date "2018.07.09"]
[Round "1"]
[White "Pedoson, Georg Aleksander"]
[Black "Pultinevicius, Paulius"]
[Result "0-1"]
[ECO "A34"]
[WhiteElo "2176"]
[BlackElo "2422"]
[Annotator "NA"]
[PlyCount "48"]
[EventDate "2018.07.09"]
[EventType "swiss"]
[EventCountry "LAT"]
[SourceTitle "playchess.com"]
[Source "ChessBase"]
[SourceQuality "1"]
[TimeControl "5400+30"]

1. c4 Nf6 2. Nc3 c5 3. g3 d5 4. cxd5 Nxd5 5. Bg2 Nc7 6. Nf3 Nc6 7. O-O e5 8. d3 Be7 9. Nd2 O-O 10. Nc4 f6 11. f4 exf4 12. Bxf4 Ne6 13. Bd2 Re8 14. a4 Bd7 15. Nd5 Bf8 16. Bc3 Nb4 17. Bxf6 gxf6 18. Nxf6+ Kh8 19. Ne5 Re7 20. e3 Be8 21. Qg4 Bg7 22. Be4 Nf8 23. Nxh7 Nxh7 24. Qh4 Bxe5 0-1

[Event "Baltic Zonal III Stage 2018"]
[Site "Liepaja"]
[Date "2018.07.10"]
[Round "2"]
[White "Kantans, Toms"]
[Black "Samolins, Vitalijs"]
[Result "0-1"]
[ECO "C78"]
[WhiteElo "2529"]
[BlackElo "2400"]
[Annotator "ChessBase"]
[PlyCount "100"]
[EventDate "2018.07.09"]
[EventType "swiss"]
[EventCountry "LAT"]
[SourceTitle "playchess.com"]
[Source "ChessBase"]
[SourceQuality "1"]
[TimeControl "5400+30"]

1. e4 e5 2. Nf3 Nc6 3. Bb5 a6 4. Ba4 Nf6 5. O-O Bc5 6. Re1 O-O 7. c3 b5 8. Bb3 d6 9. a4 Bb7 10. d4 Ba7 11. Bg5 h6 12. Bh4 exd4 13. axb5 axb5 14. cxd4 g5 15. Bg3 Bb6 16. Rxa8 Bxa8 17. d5 Na5 18. Bc2 Re8 19. Nbd2 Nh5 20. b4 Nc4 21. Nxc4 bxc4 22. Ba4 Re7 23. Qc1 f5 24. exf5 Rxe1+ 25. Nxe1 Nxg3 26. hxg3 Bxd5 27. Bb5 Qf6 28. Bxc4 Qxf5 29. Nd3 h5 30. Qc2 Bxf2+ 31. Qxf2 Qxf2+ 32. Nxf2 Bxc4 33. Ne4 Kf7 34. Nxg5+ Kf6 35. Nh3 Ke5 36. Nf4 Bf7 37. Kf2 Kd4 38. g4 hxg4 39. Kg3 Ke3 40. Kxg4 d5 41. Kf5 d4 42. g4 d3 43. Ng2+ Kf2 44. Nf4 Ke3 45. Ng2+ Kf2 46. Nf4 d2 47. Nd3+ Ke3 48. Nb2 Kd4 49. g5 Bb3 50. g6 {[%emt 0:00:05] Ke5+} Kc3 0-1

[Event "Baltic Zonal III Stage 2018"]
[Site "Liepaja"]
[Date "2018.07.10"]
[Round "2"]
[White "Kanep, Meelis"]
[Black "Kulaots, Kaido"]
[Result "1/2-1/2"]
[ECO "D78"]
[WhiteElo "2440"]
[BlackElo "2555"]
[Annotator "ChessBase"]
[PlyCount "31"]
[EventDate "2018.07.09"]
[EventType "swiss"]
[EventCountry "LAT"]
[SourceTitle "playchess.com"]
[Source "ChessBase"]
[SourceQuality "1"]
[TimeControl "5400+30"]

1. Nf3 Nf6 2. g3 g6 3. Bg2 Bg7 4. d4 d5 5. O-O O-O 6. c4 c6 7. Qa4 Nfd7 8. cxd5 Nb6 9. Qd1 cxd5 10. Nc3 Nc6 11. e3 Bf5 12. b3 Rc8 13. Bb2 Qd7 14. Qe2 Bh3 15. Rfd1 Bxg2 16. Kxg2 1/2-1/2

[Event "Baltic Zonal III Stage 2018"]
[Site "Liepaja"]
[Date "2018.07.10"]
[Round "2"]
[White "Pultinevicius, Paulius"]
[Black "Kveinys, Aloyzas"]
[Result "1-0"]
[ECO "D45"]
[WhiteElo "2422"]
[BlackElo "2537"]
[Annotator "ChessBase"]
[PlyCount "77"]
[EventDate "2018.07.09"]
[EventType "swiss"]
[EventCountry "LAT"]
[SourceTitle "playchess.com"]
[Source "ChessBase"]
[SourceQuality "1"]
[TimeControl "5400+30"]

1. d4 Nf6 2. c4 e6 3. Nf3 d5 4. Nc3 c6 5. e3 Nbd7 6. Qc2 a6 7. b3 c5 8. cxd5 exd5 9. dxc5 Nxc5 10. Bb2 Be6 11. Be2 Rc8 12. O-O Bd6 13. Rac1 O-O 14. Qb1 Qe7 15. Rfd1 Rfd8 16. Ng5 h6 17. Nf3 Nfe4 18. Nxe4 dxe4 19. Nd4 Bd7 20. Rd2 Re8 21. Rcd1 Bb8 22. Qa1 Qg5 23. Nc2 Be6 24. Ne1 h5 25. Rc2 b6 26. Rd4 a5 27. Qd1 h4 28. Bc4 Bxc4 29. Rcxc4 Be5 30. Rd5 Rcd8 31. Rcd4 Rxd5 32. Rxd5 Nd3 33. Nxd3 Bxh2+ 34. Kxh2 Qxd5 35. Qg4 Qd6+ 36. Nf4 f6 37. Bd4 g5 38. Kg1 Rf8 39. Nh5 1-0

[Event "Baltic Zonal III Stage 2018"]
[Site "Liepaja"]
[Date "2018.07.10"]
[Round "2"]
[White "Seeman, Tarvo"]
[Black "Haavamae, Henrik"]
[Result "1-0"]
[ECO "A35"]
[WhiteElo "2414"]
[BlackElo "2185"]
[Annotator "ChessBase"]
[PlyCount "137"]
[EventDate "2018.07.09"]
[EventType "swiss"]
[EventCountry "LAT"]
[SourceTitle "playchess.com"]
[Source "ChessBase"]
[SourceQuality "1"]
[TimeControl "5400+30"]

1. Nf3 c5 2. c4 Nc6 3. Nc3 Nf6 4. d4 cxd4 5. Nxd4 g6 6. e4 d6 7. Be2 Bg7 8. Be3 O-O 9. O-O Bd7 10. Qd2 Ng4 11. Bxg4 Bxg4 12. Rac1 Re8 13. h3 Bd7 14. Rfd1 Rc8 15. b3 Qa5 16. Nde2 Rcd8 17. Nb5 Qxd2 18. Rxd2 b6 19. Nc7 Rf8 20. Nd4 Nxd4 21. Bxd4 Bc6 22. Nd5 Rfe8 23. Bxg7 Kxg7 24. f3 Rc8 25. Ne3 Rc7 26. Kf2 Rec8 27. h4 Kf8 28. g4 b5 29. cxb5 Bxb5 30. Rxc7 Rxc7 31. g5 Ke8 32. f4 Rc1 33. e5 dxe5 34. fxe5 Rh1 35. Nd5 Rh2+ 36. Ke3 Rh3+ 37. Kf2 Rh2+ 38. Ke3 Rh3+ 39. Kd4 Bc6 40. Nc7+ Kd7 41. Na6 Bh1 42. Kc5+ Ke6 43. Nc7+ Kxe5 44. Rd7 Rxh4 45. Rxe7+ Kf5 46. Rxf7+ Kxg5 47. Ne6+ Kg4 48. Rxa7 Rh5+ 49. Kb4 Be4 50. Nc5 Bd5 51. a4 Kh3 52. Rd7 h6 53. a5 Rf5 54. Rd6 g5 55. Rxh6+ Kg3 56. a6 g4 57. Rd6 Kf4 58. a7 Bf3 59. Rd3 Bc6 60. Rc3 Bd5 61. Ne6+ Ke4 62. Rc4+ Ke5 63. Nc7 Bf3 64. Rxg4 Rf8 65. Rg3 Bb7 66. Rg6 Rc8 67. Nb5 Be4 68. Rb6 Ra8 69. Rb8 1-0

[Event "Baltic Zonal III Stage 2018"]
[Site "Liepaja"]
[Date "2018.07.10"]
[Round "2"]
[White "Berzinsh, Roland"]
[Black "Pedoson, Georg Aleksander"]
[Result "0-1"]
[ECO "C24"]
[WhiteElo "2410"]
[BlackElo "2176"]
[Annotator "NA"]
[PlyCount "44"]
[EventDate "2018.07.09"]
[EventType "swiss"]
[EventCountry "LAT"]
[SourceTitle "playchess.com"]
[Source "ChessBase"]
[SourceQuality "1"]
[TimeControl "5400+30"]

1. e4 e5 2. Bc4 Nf6 3. d3 c6 4. Nf3 d5 5. Bb3 Bd6 6. Nc3 O-O 7. exd5 cxd5 8. Bxd5 Nxd5 9. Nxd5 f5 10. O-O Nc6 11. c4 h6 12. Re1 Be6 13. Bd2 Qd7 14. Bc3 Rae8 15. Re2 Bf7 16. Qb3 Kh7 17. Re3 Bh5 18. Qc2 f4 19. Ree1 Bxf3 20. gxf3 Nd4 21. Bxd4 exd4 22. Re4 Qh3 0-1

[Event "Baltic Zonal III Stage 2018"]
[Site "Liepaja"]
[Date "2018.07.10"]
[Round "2"]
[White "Klabis, Rokas"]
[Black "Laurusas, Tomas"]
[Result "0-1"]
[ECO "B23"]
[WhiteElo "2347"]
[BlackElo "2465"]
[Annotator "ChessBase"]
[PlyCount "104"]
[EventDate "2018.07.09"]
[EventType "swiss"]
[EventCountry "LAT"]
[SourceTitle "playchess.com"]
[Source "ChessBase"]
[SourceQuality "1"]
[TimeControl "5400+30"]

1. e4 c5 2. Nc3 e6 3. g3 a6 4. Bg2 b5 5. Nf3 Bb7 6. d3 d6 7. O-O Nf6 8. Re1 b4 9. Ne2 Be7 10. a3 a5 11. h3 O-O 12. g4 Nc6 13. Ng3 Nd7 14. Be3 Nb6 15. Qc1 Rc8 16. Nh5 g6 17. Ng3 e5 18. c4 bxc3 19. bxc3 Ba6 20. c4 Rb8 21. Bh6 Re8 22. Ne2 Nd4 23. Nfxd4 cxd4 24. Bd2 Na4 25. Rb1 Qc7 26. Qc2 Nc5 27. Bf3 Rb7 28. Rxb7 Bxb7 29. Rb1 Bc6 30. Nc1 Ba4 31. Qb2 Ra8 32. Kf1 Bd8 33. Ke1 Qe7 34. g5 f6 35. Bd1 Bd7 36. h4 f5 37. Bc2 Qe6 38. Nb3 Na4 39. exf5 Qxf5 40. Nxd4 exd4 41. Qxd4 Qe5+ 42. Qxe5 dxe5 43. d4 exd4 44. Be4 Rc8 45. Bb7 Rc5 46. Bd5+ Kf8 47. Bf4 Bc7 48. Rb7 Bxf4 49. Rxd7 Rc7 50. Rd8+ Ke7 51. Rh8 d3 52. Bf3 d2+ 0-1

[Event "Baltic Zonal III Stage 2018"]
[Site "Liepaja"]
[Date "2018.07.10"]
[Round "2"]
[White "Rogule, Laura"]
[Black "Sirosh, Ilja"]
[Result "0-1"]
[ECO "C89"]
[WhiteElo "2320"]
[BlackElo "2339"]
[Annotator "NA"]
[PlyCount "56"]
[EventDate "2018.07.09"]
[EventType "swiss"]
[EventCountry "LAT"]
[SourceTitle "playchess.com"]
[Source "ChessBase"]
[SourceQuality "1"]
[TimeControl "5400+30"]

1. e4 e5 2. Nf3 Nc6 3. Bb5 a6 4. Ba4 Nf6 5. O-O Be7 6. Re1 b5 7. Bb3 O-O 8. c3 d5 9. exd5 Nxd5 10. Nxe5 Nxe5 11. Rxe5 c6 12. d3 Bd6 13. Re1 Bf5 14. Bxd5 cxd5 15. Nd2 Qh4 16. Nf1 d4 17. Qf3 Bg6 18. Bd2 dxc3 19. bxc3 Rac8 20. a4 Rfd8 21. g3 Qh3 22. axb5 axb5 23. d4 h6 24. Ra7 Bf8 25. d5 Bh5 26. Qd3 Rc5 27. Ne3 Bf3 28. Qf1 Qh5 0-1

[Event "Baltic Zonal III Stage 2018"]
[Site "Liepaja"]
[Date "2018.07.10"]
[Round "2"]
[White "Brazdzionis, Andrius"]
[Black "Malisauskas, Vidmantas"]
[Result "1/2-1/2"]
[ECO "D45"]
[WhiteElo "2252"]
[BlackElo "2432"]
[Annotator "NA"]
[PlyCount "139"]
[EventDate "2018.07.09"]
[EventType "swiss"]
[EventCountry "LAT"]
[SourceTitle "playchess.com"]
[Source "ChessBase"]
[SourceQuality "1"]
[TimeControl "5400+30"]

1. d4 d5 2. Nf3 c6 3. c4 Nf6 4. Nc3 e6 5. e3 Nbd7 6. Qc2 Be7 7. b3 O-O 8. Bb2 a6 9. Bd3 b5 10. O-O Bb7 11. Rfd1 h6 12. Rac1 Qb8 13. c5 b4 14. Na4 a5 15. Ne5 Nxe5 16. dxe5 Nd7 17. f4 Ba6 18. Bxa6 Rxa6 19. Bd4 Qb5 20. Rf1 f6 21. Qg6 Rf7 22. f5 Nf8 23. Qg4 fxe5 24. fxe6 Rxf1+ 25. Rxf1 exd4 26. Rf7 Bg5 27. h4 Qd3 28. hxg5 Qxe3+ 29. Kh1 Nxe6 30. Re7 Qc1+ 31. Kh2 Qf4+ 32. Qxf4 Nxf4 33. gxh6 gxh6 34. Kg3 Nd3 35. Kg4 Nf2+ 36. Kf5 Kf8 37. Rh7 d3 38. Nb6 Ne4 39. Nd7+ Ke8 40. Nf6+ Nxf6 41. Kxf6 Ra8 42. Ke6 Kf8 43. Rf7+ Kg8 44. Rf3 Kh7 45. Kd7 Rg8 46. Kxc6 Rxg2 47. Rxd3 Rxa2 48. Kd7 a4 49. bxa4 Rxa4 50. c6 Kg6 51. c7 Ra8 52. Rxd5 h5 53. Kc6 Rc8 54. Kd7 Rh8 55. c8=Q Rxc8 56. Kxc8 b3 57. Kd7 h4 58. Rb5 Kf6 59. Kd6 b2 60. Rxb2 Kf5 61. Rb4 Kg5 62. Ke5 h3 63. Rb8 Kg4 64. Ke4 h2 65. Rh8 Kg3 66. Ke3 Kg2 67. Rg8+ Kf1 68. Rh8 Kg2 69. Ke2 h1=Q 70. Rxh1 1/2-1/2

[Event "Baltic Zonal III Stage 2018"]
[Site "Liepaja"]
[Date "2018.07.10"]
[Round "2"]
[White "Vicas, Marijus"]
[Black "Bernotas, Arturs"]
[Result "1-0"]
[ECO "C92"]
[WhiteElo "2183"]
[BlackElo "2413"]
[Annotator "NA"]
[PlyCount "87"]
[EventDate "2018.07.09"]
[EventType "swiss"]
[EventCountry "LAT"]
[SourceTitle "playchess.com"]
[Source "ChessBase"]
[SourceQuality "1"]
[TimeControl "5400+30"]

1. e4 e5 2. Nf3 Nc6 3. Bb5 a6 4. Ba4 Nf6 5. O-O b5 {[%emt 0:05:05] LiveBook: 6593 Games} 6. Bb3 $11 Be7 7. Re1 d6 8. c3 O-O 9. h3 Bb7 10. d3 Re8 11. Ng5 Rf8 12. Nf3 Na5 13. Bc2 c5 14. Nbd2 Re8 15. Nf1 Bf8 16. g4 d5 17. Qe2 g6 18. Ng3 d4 19. Bd2 Nd7 20. h4 Bd6 21. g5 Nc6 22. Nh2 Bf8 23. h5 dxc3 24. bxc3 b4 25. Qg4 bxc3 26. Bxc3 Nd4 27. Ba4 Nb5 28. hxg6 hxg6 29. Bb2 Nb6 30. Bb3 Bc8 31. Qh4 Nd4 32. Bxd4 Qxd4 33. Nh5 gxh5 34. g6 c4 35. Qxh5 fxg6 36. Qxg6+ Kh8 37. Qxe8 Bf5 38. Qh5+ Bh7 39. Nf3 Qxd3 40. Rad1 Qc3 41. Ng5 Ra7 42. Re3 Qb4 43. Nf7+ Rxf7 44. Qxf7 1-0

[Event "Baltic Zonal III Stage 2018"]
[Site "Liepaja"]
[Date "2018.07.10"]
[Round "3"]
[White "Kulaots, Kaido"]
[Black "Vicas, Marijus"]
[Result "1-0"]
[ECO "C48"]
[WhiteElo "2555"]
[BlackElo "2183"]
[Annotator "ChessBase"]
[PlyCount "71"]
[EventDate "2018.07.09"]
[EventType "swiss"]
[EventCountry "LAT"]
[SourceTitle "playchess.com"]
[Source "ChessBase"]
[SourceQuality "1"]
[TimeControl "5400+30"]

1. e4 e5 2. Nf3 Nc6 3. Bb5 Nf6 4. Nc3 Bc5 5. d3 a6 6. Bxc6 dxc6 7. Nxe5 Qd4 8. Be3 Qxe5 9. d4 Qe7 10. dxc5 Nxe4 11. Qd4 Bf5 12. O-O-O O-O 13. Nxe4 Bxe4 14. f3 Bd5 15. Rhe1 Rfe8 16. Bh6 Qf8 17. Bf4 Rxe1 18. Rxe1 Re8 19. Rxe8 Qxe8 20. c4 Be6 21. Bxc7 f6 22. b3 Bf5 23. Qd2 h5 24. Kb2 Kh7 25. Ka3 Bg6 26. Kb4 Qe7 27. Bd6 Qd8 28. Qe3 b5 29. cxb6 Qxd6+ 30. c5 Qxh2 31. Ka5 Qb8 32. Qe7 Bd3 33. b7 Qf4 34. Qd6 Qd2+ 35. Kb6 Qb4+ 36. Ka7 1-0

[Event "Baltic Zonal III Stage 2018"]
[Site "Liepaja"]
[Date "2018.07.10"]
[Round "3"]
[White "Kveinys, Aloyzas"]
[Black "Brazdzionis, Andrius"]
[Result "1-0"]
[ECO "E53"]
[WhiteElo "2537"]
[BlackElo "2252"]
[Annotator "ChessBase"]
[PlyCount "43"]
[EventDate "2018.07.09"]
[EventType "swiss"]
[EventCountry "LAT"]
[SourceTitle "playchess.com"]
[Source "ChessBase"]
[SourceQuality "1"]
[TimeControl "5400+30"]

1. d4 Nf6 2. c4 e6 3. Nc3 Bb4 4. e3 O-O 5. Bd3 d5 6. Nf3 c5 7. O-O cxd4 8. exd4 dxc4 9. Bxc4 b6 10. Bg5 Bb7 11. Re1 Nc6 12. Rc1 Rc8 13. a3 Be7 14. Qd3 Nd5 15. Ne4 h6 16. Bd2 Bd6 17. Bxd5 exd5 18. Neg5 hxg5 19. Nxg5 g6 20. Qh3 Kg7 21. Qh7+ Kf6 22. Nf3 1-0